NYP
HUDSON VALLEY RENEGADES @ SPOKANE INDIANS
07/11/2048
 
TOP OF THE 1ST
Hudson Valley Renegades batting - Pitching for Spokane Indians : RHP Malibok Fflunker
Pitching: RHP Malibok Fflunker
Batting: LHB Jonathan Spino 0-0: Ball
1-0: Fly out, F7 (Flyball, 7D, EV 102.5 MPH)
Batting: SHB Chris Lockart 0-0: Called Strike
0-1: Ball
1-1: Called Strike
1-2: Strikes out swinging
Batting: RHB Jon Gonzales 0-0: Foul Ball, location: 2F
0-1: Hit by Pitch
Pinch Runner at 1st Alex Genao:
Batting: LHB Helmut Steggall 0-0: Called Strike
0-1: Swinging Strike
0-2: Strikes out swinging
Top of the 1st over - 0 runs, 0 hits, 0 errors, 1 left on base; Hudson Valley 0 - Spokane 0
BOTTOM OF THE 1ST
Spokane Indians batting - Pitching for Hudson Valley Renegades : RHP Adam Householder
Pitching: RHP Adam Householder
Batting: RHB Danny Odom 0-0: Ball
1-0: Called Strike
1-1: Ball
2-1: Ball
3-1: Base on Balls
Batting: RHB Theo van Gent 0-0: Foul Ball, location: 2F
0-1: Ball
1-1: Foul Ball, location: 2F
1-2: Fly out, F7 (Flyball, 78D, EV 93.1 MPH)
Batting: RHB Mike Thornton 0-0: Called Strike
0-1: Ball
Danny Odom steals 2nd base
1-1: SINGLE (Groundball, 6MD, EV 93.1 MPH) (infield hit)
Danny Odom to third
Batting: LHB Nick Foutz 0-0: Ball
1-0: Ball
2-0: Ball
3-0: Called Strike
3-1: Base on Balls
Mike Thornton to second
Batting: RHB Dennis Daniels 0-0: Swinging Strike
0-1: Ball
1-1: Ball
2-1: Ball
3-1: Called Strike
3-2: Strikes out swinging
Batting: RHB Jason Swisher 0-0: Swinging Strike
0-1: Ground out 4-3 (Groundball, 4, EV 76.9 MPH)
Bottom of the 1st over - 0 runs, 1 hit, 0 errors, 3 left on base; Hudson Valley 0 - Spokane 0
TOP OF THE 2ND
Hudson Valley Renegades batting - Pitching for Spokane Indians : RHP Malibok Fflunker
Batting: RHB Alex Koral 0-0: Ball
1-0: Ball
2-0: Called Strike
2-1: Ball
3-1: Called Strike
3-2: Fly out, F9 (Line Drive, 89D, EV 94.4 MPH)
Batting: SHB Joshua Jackson 0-0: Called Strike
0-1: Ball
1-1: Ball
2-1: Foul Ball, location: 2F
2-2: Ball
3-2: DOUBLE (Flyball, 8LXD, EV 111.2 MPH)
Batting: RHB Joe Hartigan 0-0: Fly out, F9 (Flyball, 89M, EV 87.5 MPH)
Batting: RHB Evan Chalarian 0-0: Ball
1-0: Called Strike
1-1: Swinging Strike
1-2: Ground out 6-3 (Groundball, 56, EV 78.8 MPH)
Top of the 2nd over - 0 runs, 1 hit, 0 errors, 1 left on base; Hudson Valley 0 - Spokane 0
BOTTOM OF THE 2ND
Spokane Indians batting - Pitching for Hudson Valley Renegades : RHP Adam Householder
Batting: LHB Casper Kersten 0-0: Called Strike
0-1: Ground out U3 (Groundball, 3, EV 84.4 MPH)
Batting: RHB Dennis Daniels 0-0: Foul Ball, location: 2F
0-1: Ball
1-1: Foul Ball, location: 2F
1-2: Ball
2-2: Foul Ball, location: 2F
2-2: Ball
3-2: Fly out, F8 (Flyball, 8LD, EV 66.2 MPH)
Batting: RHB Gavin Fimple 0-0: Called Strike
0-1: Ball
1-1: Ball
2-1: Swinging Strike
2-2: Strikes out looking
Bottom of the 2nd over - 0 runs, 0 hits, 0 errors, 0 left on base; Hudson Valley 0 - Spokane 0
TOP OF THE 3RD
Hudson Valley Renegades batting - Pitching for Spokane Indians : RHP Malibok Fflunker
Batting: SHB Josif Popovski 0-0: TRIPLE (Groundball, 3L, EV 97.5 MPH)
Batting: LHB Jonathan Spino 0-0: Ball
1-0: Ball
2-0: Called Strike
2-1: Ball
3-1: Base on Balls
Batting: SHB Chris Lockart 0-0: Ball
Jonathan Spino steals 2nd base
1-0: Ball
2-0: Called Strike
2-1: Ground out U3 (Groundball, 3, EV 81.9 MPH)
Batting: LHB Alex Genao 0-0: Called Strike
0-1: Ball
1-1: SINGLE (Groundball, 6D, EV 103.1 MPH)
Josif Popovski scores
Jonathan Spino to third
Runner from 3rd tries for Home, SAFE, throw by CF to home
Batting: LHB Helmut Steggall 0-0: Called Strike
0-1: Called Strike
0-2: Ball
1-2: SINGLE (Groundball, 56D, EV 96.2 MPH)
Alex Genao to second
Batting: RHB Alex Koral 0-0: Ball
1-0: Ball
2-0: Called Strike
2-1: Foul Ball, location: 2F
2-2: SINGLE (Line Drive, 6D, EV 106.9 MPH)
Alex Genao to third
Helmut Steggall to second
Batting: SHB Joshua Jackson 0-0: Ball
1-0: Swinging Strike
1-1: Called Strike
1-2: Strikes out swinging
Batting: RHB Joe Hartigan 0-0: Ball
1-0: Fly out, F9 (Flyball, 9S, EV 90.0 MPH)
Top of the 3rd over - 2 runs, 4 hits, 0 errors, 3 left on base; Hudson Valley 2 - Spokane 0
BOTTOM OF THE 3RD
Spokane Indians batting - Pitching for Hudson Valley Renegades : RHP Adam Householder
Batting: RHB Danny Odom 0-0: Fly out, F3 (Line Drive, 3, EV 71.9 MPH)
Batting: RHB Theo van Gent 0-0: Ball
1-0: Ball
2-0: Ball
3-0: Base on Balls
Batting: RHB Mike Thornton 0-0: Called Strike
0-1: Ball
1-1: Ball
2-1: Ball
3-1: Called Strike
3-2: SINGLE (Groundball, 56S, EV 65.0 MPH) (infield hit)
Theo van Gent to second
Batting: LHB Nick Foutz 0-0: Called Strike
0-1: Foul Ball, location: 2F
0-2: Ball
1-2: Foul Ball, location: 2F
1-2: DOUBLE (Flyball, 8LXD, EV 107.5 MPH)
Theo van Gent scores
Mike Thornton to third
Runner from 3rd tries for Home, SAFE, no throw by CF
Batting: RHB Dennis Daniels 0-0: Swinging Strike
0-1: Called Strike
0-2: Strikes out swinging
Batting: RHB Jason Swisher 0-0: Ball
1-0: Ground out 6-3 (Groundball, 6, EV 106.2 MPH)
Bottom of the 3rd over - 2 runs, 2 hits, 0 errors, 1 left on base; Hudson Valley 2 - Spokane 2
TOP OF THE 4TH
Hudson Valley Renegades batting - Pitching for Spokane Indians : RHP Malibok Fflunker
Batting: RHB Evan Chalarian 0-0: Called Strike
0-1: Ball
1-1: Called Strike
1-2: Ground out 4-3 (Groundball, 4, EV 81.9 MPH)
Batting: SHB Josif Popovski 0-0: Called Strike
0-1: DOUBLE (Line Drive, 89D, EV 113.1 MPH)
Batting: LHB Jonathan Spino 0-0: Called Strike
0-1: Swinging Strike
0-2: Hit by Pitch
Batting: SHB Chris Lockart 0-0: Ball
1-0: Fielders Choice at 2nd, 3-6 (Groundball, 3, EV 100.6 MPH)
Josif Popovski to third
Batting: LHB Alex Genao 0-0: Swinging Strike
0-1: Ball
1-1: Foul Ball, location: 2F
1-2: Strikes out looking
Top of the 4th over - 0 runs, 1 hit, 0 errors, 2 left on base; Hudson Valley 2 - Spokane 2
BOTTOM OF THE 4TH
Spokane Indians batting - Pitching for Hudson Valley Renegades : RHP Adam Householder
Batting: LHB Casper Kersten 0-0: Foul Ball, location: 2F
0-1: Foul Ball, location: 2F
0-2: Foul Ball, location: 2F
0-2: SINGLE (Line Drive, 8RS, EV 98.1 MPH)
Batting: RHB Dennis Daniels 0-0: Called Strike
Casper Kersten steals 2nd base
0-1: Ball
1-1: Called Strike
1-2: Strikes out swinging
Batting: RHB Gavin Fimple 0-0: Called Strike
0-1: Ball
1-1: Ground out 5-3 (Groundball, 56, EV 80.0 MPH)
Batting: RHB Danny Odom 0-0: Ball
1-0: SINGLE (Groundball, 4M, EV 104.4 MPH)
Casper Kersten to third
Runner from 3rd tries for Home, SAFE, throw by CF to home
Danny Odom to second
Batting: RHB Theo van Gent 0-0: Ball
1-0: Ball
2-0: Called Strike
2-1: Ball
Wild Pitch!
Danny Odom to third
3-1: Base on Balls
Batting: RHB Mike Thornton 0-0: Called Strike
0-1: Ball
1-1: Foul Ball, location: 2F
1-2: Ball
2-2: DOUBLE (Line Drive, 78M, EV 88.1 MPH)
Danny Odom scores
Theo van Gent to third
Runner from 3rd tries for Home, SAFE, no throw by LF
Pitching: LHP Toshiaki Wada
Batting: LHB Nick Foutz 0-0: Called Strike
0-1: Fly out, F6 (Popup, 4M, EV 53.1 MPH)
Bottom of the 4th over - 3 runs, 3 hits, 0 errors, 1 left on base; Hudson Valley 2 - Spokane 5
TOP OF THE 5TH
Hudson Valley Renegades batting - Pitching for Spokane Indians : RHP Malibok Fflunker
Batting: LHB Helmut Steggall 0-0: Called Strike
0-1: Ball
1-1: TRIPLE (Line Drive, 89XD, EV 105.6 MPH)
Batting: RHB Alex Koral 0-0: Called Strike
0-1: Ball
1-1: Ball
2-1: Called Strike
2-2: Ball
3-2: Foul Ball, location: 2F
3-2: Foul Ball, location: 2F
3-2: Ground out U3 (Groundball, 3, EV 103.1 MPH)
Batting: SHB Joshua Jackson 0-0: Foul Ball, location: 2F
0-1: Ball
1-1: Ball
Wild Pitch!
Helmut Steggall scores
2-1: Bunted foul
2-2: SINGLE (Line Drive, 9LS, EV 100.0 MPH)
Batting: RHB Joe Hartigan 0-0: Foul Ball, location: 2F
0-1: Foul Ball, location: 2F
0-2: Strikes out swinging
Batting: RHB Evan Chalarian 0-0: Foul Ball, location: 2F
0-1: Called Strike
0-2: Ball
Pickoff Throw to First - Error! E1
Joshua Jackson to second
1-2: Strikes out looking
Top of the 5th over - 1 run, 2 hits, 1 error, 1 left on base; Hudson Valley 3 - Spokane 5
BOTTOM OF THE 5TH
Spokane Indians batting - Pitching for Hudson Valley Renegades : LHP Toshiaki Wada
Batting: RHB Dennis Daniels 0-0: Called Strike
0-1: Ball
1-1: Called Strike
1-2: Strikes out swinging
Batting: RHB Jason Swisher 0-0: Called Strike
0-1: Ball
1-1: Swinging Strike
1-2: Foul Ball, location: 2F
1-2: Ground out U3 (Groundball, 13, EV 90.0 MPH)
Batting: LHB Casper Kersten 0-0: Called Strike
0-1: Ball
1-1: Ball
2-1: SOLO HOME RUN (Flyball, 89XD, EV 98.8 MPH), Distance : 399 ft
Batting: RHB Dennis Daniels 0-0: Called Strike
0-1: Foul Ball, location: 2F
0-2: Foul Ball, location: 2F
0-2: Hit by Pitch
Batting: RHB Gavin Fimple 0-0: Called Strike
0-1: Called Strike
0-2: Strikes out swinging
Bottom of the 5th over - 1 run, 1 hit, 0 errors, 1 left on base; Hudson Valley 3 - Spokane 6
TOP OF THE 6TH
Hudson Valley Renegades batting - Pitching for Spokane Indians : RHP Malibok Fflunker
Batting: SHB Josif Popovski 0-0: Foul Ball, location: 2F
0-1: Ball
1-1: SINGLE (Groundball, 6S, EV 64.4 MPH) (infield hit)
Batting: LHB Jonathan Spino 0-0: Ball
Josif Popovski steals 2nd base (no throw)
1-0: Ground out 5-3 (Groundball, 5, EV 87.5 MPH)
Pitching: RHP Davion Jones
Batting: SHB Chris Lockart 0-0: Ball
1-0: Called Strike
Josif Popovski is caught stealing 3rd base 2-5
1-1: Foul Ball, location: 2F
1-2: Ball
2-2: Foul Ball, location: 2F
2-2: Foul Ball, location: 2F
2-2: Ground out U3 (Groundball, 3, EV 96.9 MPH)
Top of the 6th over - 0 runs, 1 hit, 0 errors, 0 left on base; Hudson Valley 3 - Spokane 6
BOTTOM OF THE 6TH
Spokane Indians batting - Pitching for Hudson Valley Renegades : LHP Toshiaki Wada
Batting: RHB Danny Odom 0-0: Ball
1-0: Foul Ball, location: 2F
1-1: SOLO HOME RUN (Flyball, 78XD, EV 106.2 MPH), Distance : 392 ft
Batting: RHB Theo van Gent 0-0: Foul Ball, location: 2F
0-1: Ball
1-1: Swinging Strike
1-2: Strikes out swinging
Batting: RHB Mike Thornton 0-0: Ball
1-0: Ball
2-0: Called Strike
2-1: Swinging Strike
2-2: Foul Ball, location: 2F
2-2: Ball
3-2: Foul Ball, location: 2F
3-2: Strikes out looking
Batting: LHB Nick Foutz 0-0: Foul Ball, location: 2F
0-1: Called Strike
0-2: Foul Ball, location: 2F
0-2: Ball
1-2: Ball
2-2: Foul Ball, location: 2F
2-2: Foul Ball, location: 2F
2-2: Foul Ball, location: 2F
2-2: SINGLE (Flyball, 8RS, EV 82.5 MPH)
Batting: RHB Dennis Daniels 0-0: Called Strike
0-1: Swinging Strike
0-2: Ball
1-2: Foul Ball, location: 2F
1-2: Strikes out swinging
Bottom of the 6th over - 1 run, 2 hits, 0 errors, 1 left on base; Hudson Valley 3 - Spokane 7
TOP OF THE 7TH
Hudson Valley Renegades batting - Pitching for Spokane Indians : RHP Davion Jones
Batting: LHB Alex Genao 0-0: Ball
1-0: Called Strike
1-1: Called Strike
1-2: Ball
2-2: Ball
3-2: Strikes out swinging
Batting: LHB Helmut Steggall 0-0: Ball
1-0: Ground out 4-3 (Groundball, 4, EV 80.0 MPH)
Batting: RHB Alex Koral 0-0: Swinging Strike
0-1: Ball
1-1: Ball
2-1: Ball
3-1: Foul Ball, location: 2F
3-2: Strikes out looking
Top of the 7th over - 0 runs, 0 hits, 0 errors, 0 left on base; Hudson Valley 3 - Spokane 7
BOTTOM OF THE 7TH
Spokane Indians batting - Pitching for Hudson Valley Renegades : LHP Toshiaki Wada
Batting: RHB Jason Swisher 0-0: Ball
1-0: Called Strike
1-1: Foul Ball, location: 2F
1-2: Ball
2-2: Ground out 6-3 (Groundball, 6, EV 81.2 MPH)
Batting: LHB Casper Kersten 0-0: Ball
1-0: Ball
2-0: Called Strike
2-1: Foul Ball, location: 2F
2-2: Ball
3-2: Fly out, F7 (Line Drive, 78M, EV 110.6 MPH)
Batting: RHB Dennis Daniels 0-0: Ball
1-0: Ball
2-0: Called Strike
2-1: Ball
3-1: Base on Balls
Pitching: RHP David Hearn
Batting: RHB Gavin Fimple 0-0: Ball
1-0: Called Strike
1-1: Ball
2-1: Called Strike
2-2: Ground out 5-3 (Groundball, 5, EV 100.0 MPH)
Bottom of the 7th over - 0 runs, 0 hits, 0 errors, 1 left on base; Hudson Valley 3 - Spokane 7
TOP OF THE 8TH
Hudson Valley Renegades batting - Pitching for Spokane Indians : RHP Davion Jones
Batting: SHB Joshua Jackson 0-0: Ground out 5-3 (Groundball, 56, EV 101.9 MPH)
Batting: RHB Joe Hartigan 0-0: Called Strike
0-1: Foul Ball, location: 2F
0-2: Ball
1-2: SINGLE (Line Drive, 9S, EV 105.6 MPH)
Batting: RHB Evan Chalarian 0-0: Ball
1-0: Ball
2-0: Ball
3-0: Called Strike
3-1: Called Strike
3-2: Strikes out swinging
Batting: SHB Josif Popovski 0-0: Called Strike
0-1: Swinging Strike
0-2: Foul Ball, location: 2F
0-2: Ball
1-2: Foul Ball, location: 2F
1-2: Ball
2-2: Strikes out swinging
Top of the 8th over - 0 runs, 1 hit, 0 errors, 1 left on base; Hudson Valley 3 - Spokane 7
BOTTOM OF THE 8TH
Spokane Indians batting - Pitching for Hudson Valley Renegades : RHP David Hearn
Batting: RHB Danny Odom 0-0: Ball
1-0: Ball
2-0: Ball
3-0: Called Strike
3-1: Foul Ball, location: 2F
3-2: Ground out 6-3 (Groundball, 6, EV 84.4 MPH)
Batting: RHB Theo van Gent 0-0: Swinging Strike
0-1: Ball
1-1: Ball
2-1: Foul Ball, location: 2F
2-2: Ball
3-2: Foul Ball, location: 2F
3-2: Ground out 6-3 (Groundball, 6, EV 90.0 MPH)
Batting: RHB Mike Thornton 0-0: Fly out, F8 (Flyball, 8RS, EV 90.0 MPH)
Bottom of the 8th over - 0 runs, 0 hits, 0 errors, 0 left on base; Hudson Valley 3 - Spokane 7
TOP OF THE 9TH
Hudson Valley Renegades batting - Pitching for Spokane Indians : RHP Davion Jones
Batting: LHB Jonathan Spino 0-0: Foul Ball, location: 2F
0-1: Called Strike
0-2: Strikes out swinging
Batting: SHB Chris Lockart 0-0: Foul Ball, location: 2F
0-1: Ground out 5-3 (Groundball, 56, EV 80.0 MPH)
Batting: LHB Alex Genao 0-0: Called Strike
0-1: Fly out, F9 (Flyball, 89XD, EV 81.2 MPH)
Top of the 9th over - 0 runs, 0 hits, 0 errors, 0 left on base; Hudson Valley 3 - Spokane 7
Tuesday, March 28th , 2023 - OOTP Baseball 23.10 Build 110